[Event "Titled Tuesday Blitz December 13 Early 2022"]
[White "Ljukin, Sergei"]
[Black "De Souza, Cristiano Gomes"]
[WhiteFideId "14102200"]
[BlackFideId "2151758"]
[WhiteElo "2312"]
[BlackElo "2068"]
[Result "0-1"]
[Round "10"]
[TimeControl "180+1"]
[Date "2022.12.14"]
[WhiteClock "0:00:01"]
[BlackClock "0:01:32"]

1. e4 c5 2. Nf3 d6 3. d4 cxd4 4. Nxd4 Nf6 5. Nc3 a6 6. Bg5 e6 7. f4 Be7 8. Qf3 h6 9. Bh4 g5 10. fxg5 Nfd7 11. Qh5 Ne5 12. Bf2 Bxg5 13. Be2 Nbc6 14. h4 Bf6 15. O-O-O Bd7 16. Rhf1 Qe7 17. Nf5 exf5 18. Nd5 Qd8 19. Bb6 Be6 20. Bxd8 Bxd8 21. exf5 Bxd5 22. Rxd5 Be7 23. f6 Bf8 24. g4 O-O-O 25. g5 Nd7 26. g6 fxg6 27. Qxg6 Kc7 28. Rfd1 h5 29. Bxh5 Rh6 30. Qg4 Rxf6 31. Kb1 Be7 32. Qc4 Ne5 33. Qc3 Rh8 34. Be2 Rxh4 35. a3 Rh2 36. Bd3 Nxd3 37. R1xd3 Rff2 38. b4 Bf6 39. Qc4 Rxc2 40. Qxc2 Rxc2 0-1


[Site "https://www.chess.com"]

[Event "Titled Tuesday Blitz December 13 Early 2022"]
[White "Makhnev, Denis"]
[Black "Babazada, Khazar"]
[WhiteFideId "13707647"]
[BlackFideId "13413554"]
[WhiteElo "2507"]
[BlackElo "2359"]
[Result "1-0"]
[Round "10"]
[TimeControl "180+1"]
[Date "2022.12.13"]
[WhiteClock "0:00:56"]
[BlackClock "0:00:06"]

1. d4 Nf6 2. c4 e6 3. g3 d5 4. Bg2 dxc4 5. Nf3 a6 6. O-O Nc6 7. Qd2 Rb8 8. Ne5 Nxe5 9. dxe5 Nd7 10. Qf4 b5 11. Rd1 Bb7 12. Nc3 Bxg2 13. Kxg2 Be7 14. Qg4 g6 15. Bh6 Qc8 16. Ne4 Nxe5 17. Qf4 Nd7 18. Bg7 Rg8 19. Qh6 Qb7 20. f3 Nc5 21. Nxc5 Bxc5 22. Qxh7 Ke7 23. Qh4+ Ke8 24. Bf6 Bd6 25. e4 e5 26. Rd5 Qc6 27. Rad1 g5 28. Qh7 Rf8 29. Bxe5 Rd8 30. Bf6 Rd7 31. e5 1-0


[Site "https://www.chess.com"]

[Event "Titled Tuesday Blitz December 13 Early 2022"]
[White "Maksimenko, Viktor"]
[Black "Madaminov, Mukhiddin"]
[WhiteFideId "13710478"]
[BlackFideId "14210703"]
[WhiteElo "2277"]
[BlackElo "2333"]
[Result "1-0"]
[Round "10"]
[TimeControl "180+1"]
[Date "2022.12.14"]
[WhiteClock "0:01:14"]
[BlackClock "0:00:06"]

1. d4 Nf6 2. c4 e6 3. Nc3 Bb4 4. e3 O-O 5. Bd3 d5 6. cxd5 exd5 7. Bd2 a6 8. Nf3 Re8 9. O-O Bd6 10. Rc1 b6 11. Qc2 Bb7 12. Ne2 Nbd7 13. Ng3 g6 14. Bc3 Kg7 15. Ne5 Nxe5 16. dxe5 Rxe5 17. Bxe5 Bxe5 18. e4 Ng4 19. h3 Bxg3 20. fxg3 Ne3 21. Rxf7+ Kxf7 22. Qxc7+ Qe7 23. Qxe7+ Kxe7 24. Rc7+ Kd6 25. Rxb7 dxe4 26. Bxe4 Re8 27. Rxb6+ Kc5 28. Rc6+ Kd4 29. Bf3 Nc4 30. Rxa6 Re1+ 31. Kh2 Nxb2 32. Ra7 h5 33. h4 Nd3 34. Rd7+ Kc3 35. a4 Nf2 36. g4 hxg4 37. Bc6 Nh1 38. a5 g3+ 39. Kh3 Ra1 40. Ra7 Kd4 41. a6 Kc5 42. Bf3 Kb6 43. Rg7 Kxa6 44. Rxg6+ Kb5 45. h5 Kc5 46. h6 Ra7 47. Rg7 Ra6 48. h7 Rh6+ 49. Kg4 Kd4 50. Kg5 Rh2 51. Kg6 Ke3 52. Rg8 Kf2 53. h8=Q Rxh8 54. Rxh8 Kg1 55. Rxh1+ Kxh1 56. Kf5 Kg1 57. Kg5 Kf1 58. Kg4 Kf2 59. Kh4 Kg1 60. Kxg3 Kh1 61. Kf4 Kg1 62. g4 1-0


[Site "https://www.chess.com"]

[Event "Titled Tuesday Blitz December 13 Early 2022"]
[White "Manelyuk, Daniil"]
[Black "Gonzalez, Francisco Silva"]
[WhiteFideId "44173920"]
[BlackFideId "1512285"]
[WhiteElo "2210"]
[BlackElo "2220"]
[Result "0-1"]
[Round "10"]
[TimeControl "180+1"]
[Date "2022.12.14"]
[WhiteClock "0:01:44"]
[BlackClock "0:01:14"]

1. e4 e5 2. Nf3 Nc6 3. Bb5 a6 4. Ba4 f5 5. Nc3 fxe4 6. Nxe4 Nf6 7. Qe2 d5 8. Nxf6+ gxf6 9. d3 Bg4 10. h3 Bh5 11. g4 Bg6 12. Nh4 Qd6 13. Bxc6+ Qxc6 14. Bd2 O-O-O 15. Nxg6 hxg6 16. O-O-O Bd6 17. Kb1 f5 18. h4 e4 19. h5 Be5 20. f4 Bd4 21. c3 Bc5 22. d4 Bb6 23. Be3 Rdf8 24. g5 Kb8 25. Rh2 Rh7 26. Rdh1 Rfh8 27. hxg6 Rxh2 28. Qg2 Rxh1+ 0-1


[Site "https://www.chess.com"]

[Event "Titled Tuesday Blitz December 13 Early 2022"]
[White "Manukian, Artak"]
[Black "Rustemov, Alexander"]
[WhiteFideId "13301373"]
[BlackFideId "4119002"]
[WhiteElo "2130"]
[BlackElo "2785"]
[Result "1-0"]
[Round "10"]
[TimeControl "180+1"]
[Date "2022.12.14"]
[WhiteClock "0:00:06"]
[BlackClock "0:00:05"]

1. e4 e6 2. d4 d5 3. e5 c5 4. c3 Qb6 5. Nf3 Bd7 6. a3 Bb5 7. c4 dxc4 8. Nc3 Nc6 9. d5 O-O-O 10. d6 f6 11. b3 Nxe5 12. Nxe5 Rxd6 13. Qf3 Bc6 14. Nxc6 Qxc6 15. Qxc6+ Rxc6 16. Bxc4 Ne7 17. O-O Nf5 18. Bb2 a6 19. a4 Nd4 20. Ne2 e5 21. f4 Nc2 22. Rac1 Ne3 23. Rfe1 Nxc4 24. bxc4 exf4 25. Nxf4 Rb6 26. Bc3 Bd6 27. Nd5 Rb3 28. a5 Rd8 29. Rb1 Rxb1 30. Rxb1 Bc7 31. Rd1 Re8 32. Kf2 h5 33. Nxc7 Kxc7 34. Re1 Rd8 35. Re7+ Kc6 36. Rxg7 Rd3 37. Bxf6 Ra3 38. Bd8 Ra2+ 39. Ke3 Ra4 40. Kd3 Ra3+ 41. Ke4 Ra4 42. Kd3 Ra3+ 43. Kc2 Ra2+ 44. Kb3 Rd2 45. Bb6 h4 46. Rg6+ Kd7 47. Bxc5 h3 48. Rd6+ Rxd6 49. Bxd6 Kxd6 50. gxh3 Kc6 51. Kb4 b6 52. axb6 Kxb6 53. h4 a5+ 54. Ka4 Kc5 55. h5 Kxc4 56. h6 1-0


[Site "https://www.chess.com"]

[Event "Titled Tuesday Blitz December 13 Early 2022"]
[White "Manukyan, Sargis A."]
[Black "Szpar, Milosz"]
[WhiteFideId "13303970"]
[BlackFideId "1184989"]
[WhiteElo "2187"]
[BlackElo "2455"]
[Result "0-1"]
[Round "10"]
[TimeControl "180+1"]
[Date "2022.12.14"]
[WhiteClock "0:00:03"]
[BlackClock "0:01:18"]

1. Nf3 Nf6 2. c4 e6 3. Nc3 d5 4. d4 c6 5. e3 a6 6. Bd3 dxc4 7. Bxc4 b5 8. Bb3 c5 9. e4 cxd4 10. Nxd4 Bb7 11. e5 Nfd7 12. Qh5 g6 13. Qh3 Nxe5 14. Be3 Bg7 15. O-O-O Qe7 16. Rhe1 b4 17. Na4 Nbd7 18. f4 Rc8+ 19. Kb1 Be4+ 20. Ka1 Nd3 21. Re2 O-O 22. Bg1 N3c5 23. Nxc5 Nxc5 24. Bc4 Rfd8 25. Red2 a5 26. Qe3 a4 27. Bb5 a3 28. bxa3 bxa3 29. Qxa3 Ra8 30. Qb2 Bd5 0-1


[Site "https://www.chess.com"]

[Event "Titled Tuesday Blitz December 13 Early 2022"]
[White "Martin Duque, Jesus"]
[Black "Ovchinnikov, Vsevolod"]
[WhiteFideId "2208954"]
[BlackFideId "24176842"]
[WhiteElo "2297"]
[BlackElo "2376"]
[Result "0-1"]
[Round "10"]
[TimeControl "180+1"]
[Date "2022.12.14"]
[WhiteClock "0:00:12"]
[BlackClock "0:00:18"]

1. Nf3 Nf6 2. b3 d5 3. Bb2 Nbd7 4. g3 g6 5. c4 c6 6. Bg2 Bg7 7. O-O O-O 8. d4 Nb6 9. Ne5 Be6 10. c5 Nbd7 11. Nd3 Bf5 12. Nd2 Bxd3 13. exd3 b6 14. cxb6 axb6 15. Qc2 Qc7 16. Rfe1 e6 17. Nf3 Rfc8 18. Ne5 Nxe5 19. dxe5 Nd7 20. d4 c5 21. dxc5 bxc5 22. a4 Nxe5 23. b4 Nd7 24. Bxg7 Kxg7 25. b5 Ra5 26. h4 h5 27. Ra3 Rca8 28. Bh3 Qd6 29. Rf3 Nf8 30. Qd2 Rxa4 31. Qg5 Kg8 32. Qf6 R8a7 33. g4 hxg4 34. Bxg4 Rxg4+ 35. Kf1 Qe7 36. Qe5 Rb7 37. h5 Rg5 38. Qf4 Rxh5 39. Rg3 Rxb5 40. Qg4 Rh1+ 41. Kg2 Rxe1 42. Rh3 Qf6 0-1


[Site "https://www.chess.com"]

[Event "Titled Tuesday Blitz December 13 Early 2022"]
[White "Martinez Ramirez, Lennis"]
[Black "Bochnicka, Vladimir"]
[WhiteFideId "3509079"]
[BlackFideId "14943450"]
[WhiteElo "2439"]
[BlackElo "2239"]
[Result "1-0"]
[Round "10"]
[TimeControl "180+1"]
[Date "2022.12.14"]
[WhiteClock "0:01:22"]
[BlackClock "0:00:13"]

1. d4 Nf6 2. c4 g6 3. Nc3 Bg7 4. e4 d6 5. Bg5 O-O 6. Qd2 e5 7. dxe5 dxe5 8. Qxd8 Rxd8 9. Bxf6 Bxf6 10. Nd5 Rd6 11. Nxc7 Bd8 12. Nxa8 Ba5+ 13. Ke2 Rd2+ 14. Kf3 Nc6 15. Kg3 f5 16. h4 Nd4 17. Nh3 f4+ 18. Kh2 Bd8 19. c5 Be6 20. b3 Bxh4 21. Bc4 Bxc4 22. bxc4 Ne2 23. Rhd1 Rc2 24. Rd7 Rxc4 25. Re1 Rc2 26. Rxb7 Rxa2 27. Rd1 g5 28. Rd8# 1-0


[Site "https://www.chess.com"]

[Event "Titled Tuesday Blitz December 13 Early 2022"]
[White "Matveeva, Olga"]
[Black "Valle Maytin, Luis Enrique"]
[WhiteFideId "24107018"]
[BlackFideId "3503666"]
[WhiteElo "2056"]
[BlackElo "2225"]
[Result "1/2-1/2"]
[Round "10"]
[TimeControl "180+1"]
[Date "2022.12.14"]
[WhiteClock "0:00:13"]
[BlackClock "0:00:14"]

1. d4 Nf6 2. c4 e6 3. g3 d5 4. Nf3 Be7 5. Bg2 O-O 6. O-O b6 7. cxd5 exd5 8. Ne5 Bb7 9. Qa4 c5 10. dxc5 bxc5 11. Nc3 Bd6 12. Nc4 Qc7 13. Nxd6 Qxd6 14. Bf4 Qe6 15. Rfd1 Rd8 16. Rac1 Bc6 17. Qa5 Nbd7 18. Nb5 Bxb5 19. Qxb5 Rac8 20. b4 a6 21. Qa5 c4 22. Be3 Ne5 23. Bb6 Rd6 24. Bc5 Rdd8 25. h4 h5 26. Bd4 Neg4 27. e3 Ne5 28. Rd2 Rd7 29. Rcd1 Nd3 30. Bf1 Ne4 31. Rc2 Ne5 32. Bg2 Rcd8 33. Bxe4 dxe4 34. Kg2 Nf3 35. Rdc1 Rd5 36. Qb6 Nxh4+ 37. gxh4 Qg4+ 38. Kf1 R5d6 39. Qc5 Rg6 40. Rxc4 Qf3 41. Ke1 Rg1+ 42. Kd2 Qxf2+ 43. Kc3 Rxc1+ 44. Kb3 Rxc4 45. Qxc4 Qxh4 46. Qc7 Re8 47. Qd6 Qe7 48. Qxa6 Qe6+ 49. Qxe6 Rxe6 50. b5 h4 51. b6 h3 52. b7 Re8 53. Be5 f5 54. b8=Q Rxb8+ 55. Bxb8 g5 56. Bh2 f4 57. exf4 e3 58. Kc3 gxf4 59. Bxf4 Kf7 60. Kd3 Ke6 61. Kxe3 Kf5 62. Kf3 Ke6 63. Ke4 Kd7 64. Kf3 Kc6 65. Be5 Kb5 66. Kg3 Ka4 67. Bb2 Kb4 68. Kxh3 Ka5 69. Kg4 Kb6 70. Kf5 Ka6 71. Ke6 Kb7 72. Kd6 Ka7 73. Kc5 Kb8 74. Kb5 Ka8 75. Kb6 Kb8 76. a4 Ka8 77. a5 Kb8 78. a6 Ka8 79. a7 1/2-1/2


[Site "https://www.chess.com"]

[Event "Titled Tuesday Blitz December 13 Early 2022"]
[White "Mesa Cruz, Juan Carlos"]
[Black "Thorhallsson, Simon"]
[WhiteFideId "6423400"]
[BlackFideId "2310090"]
[WhiteElo "2059"]
[BlackElo "2108"]
[Result "0-1"]
[Round "10"]
[TimeControl "180+1"]
[Date "2022.12.14"]
[WhiteClock "0:00:06"]
[BlackClock "0:01:01"]

1. e4 c5 2. Nf3 e6 3. c3 d5 4. exd5 Qxd5 5. Na3 a6 6. Nc4 Nd7 7. a4 b6 8. d4 Bb7 9. Be2 Ngf6 10. Ne3 Qc6 11. Ne5 Nxe5 12. dxe5 Nd7 13. Bf3 Qc7 14. Bxb7 Qxb7 15. f4 Be7 16. O-O O-O 17. Qe2 b5 18. c4 b4 19. b3 Qe4 20. Bb2 Nb8 21. Rad1 Nc6 22. Qd3 Qxd3 23. Rxd3 Rfd8 24. Rfd1 Rxd3 25. Rxd3 Rd8 26. Rxd8+ Bxd8 27. Kf2 Na5 28. Ke2 Nxb3 29. Kd3 Na5 30. Ng4 Nc6 31. Nf2 Nb8 32. Ne4 Nd7 33. Kc2 Be7 34. Bc1 f5 0-1


[Site "https://www.chess.com"]

[Event "Titled Tuesday Blitz December 13 Early 2022"]
[White "Mikhailovsky, Vladimir"]
[Black "Kuzmin, Roman"]
[WhiteFideId "34105414"]
[BlackFideId "44134932"]
[WhiteElo "2295"]
[BlackElo "2180"]
[Result "0-1"]
[Round "10"]
[TimeControl "180+1"]
[Date "2022.12.14"]
[WhiteClock "0:00:02"]
[BlackClock "0:00:08"]

1. Nf3 Nf6 2. c4 e6 3. e3 d5 4. Nc3 Be7 5. b3 O-O 6. Bb2 c6 7. Qc2 b6 8. h4 Bb7 9. Ng5 e5 10. Qf5 Bd6 11. Bd3 Bc8 12. Qf3 e4 13. Ncxe4 dxe4 14. Nxe4 Nxe4 15. Bxe4 f5 16. Bxc6 Nxc6 17. Qxc6 Rb8 18. Qd5+ Rf7 19. h5 Bb7 20. Qd4 Bc7 21. Qxd8+ Rxd8 22. f3 Rfd7 23. Bc3 f4 24. e4 Rd3 25. Ke2 Ba6 26. a4 Bb7 27. Rh4 Bc8 28. e5 Rxc3 29. dxc3 Bxe5 30. Rd1 Re8 31. Kf1 g5 32. hxg6 hxg6 33. b4 Kg7 34. c5 bxc5 35. bxc5 g5 36. Rh1 Ba6+ 37. Kf2 Bxc3 38. Rd7+ Kg8 39. Rc1 Re2+ 0-1


[Site "https://www.chess.com"]

[Event "Titled Tuesday Blitz December 13 Early 2022"]
[White "Mogirzan, Matei-Valeriu"]
[Black "Lamaze, Simon"]
[WhiteFideId "1257455"]
[BlackFideId "36069264"]
[WhiteElo "1733"]
[BlackElo "2272"]
[Result "1-0"]
[Round "10"]
[TimeControl "180+1"]
[Date "2022.12.13"]
[WhiteClock "0:00:01"]
[BlackClock "0:01:00"]

1. e4 c5 2. Nf3 Nc6 3. Bb5 d6 4. O-O Bd7 5. Nc3 Nf6 6. Bxc6 Bxc6 7. d4 cxd4 8. Nxd4 e5 9. Nxc6 bxc6 10. f4 Be7 11. f5 d5 12. exd5 cxd5 13. Kh1 O-O 14. Bg5 Rb8 15. Bxf6 Bxf6 16. Nxd5 Rxb2 17. Qd3 Bg5 18. Qe4 Qc8 19. f6 Qxc2 20. Qg4 h6 21. h4 Rd8 22. Ne7+ Kh7 23. hxg5 Rd4 24. Qf5+ Qxf5 25. Nxf5 Rg4 26. g3 Rxg5 27. fxg7 Rh5+ 28. Kg1 Rhh2 29. Nh4 Kxg7 30. Rfe1 f6 31. a4 Rhc2 32. Rad1 h5 33. Rd7+ Kh6 34. Rf1 f5 35. Rd6+ Kg5 36. Rg6# 1-0


[Site "https://www.chess.com"]

[Event "Titled Tuesday Blitz December 13 Early 2022"]
[White "Moiseenko, Alexander"]
[Black "Gabdrakhmanov, Azat"]
[WhiteFideId "14102560"]
[BlackFideId "34189197"]
[WhiteElo "2577"]
[BlackElo "2254"]
[Result "1-0"]
[Round "10"]
[TimeControl "180+1"]
[Date "2022.12.13"]
[WhiteClock "0:00:08"]
[BlackClock "0:00:28"]

1. d4 Nf6 2. Bg5 Ne4 3. Bf4 c5 4. f3 Nf6 5. dxc5 Qa5+ 6. Nc3 Qxc5 7. e4 d6 8. Qd2 Nc6 9. O-O-O g6 10. Kb1 Be6 11. Nd5 Bxd5 12. exd5 Ne5 13. Be3 Qc7 14. Bb5+ Ned7 15. Ne2 a6 16. Bxd7+ Qxd7 17. Rhe1 Bg7 18. Bh6 O-O 19. Bxg7 Kxg7 20. g4 Rac8 21. g5 Nh5 22. Ng3 Qh3 23. Nxh5+ Qxh5 24. Rxe7 Rfe8 25. Rxe8 Rxe8 26. Qf4 Re5 27. h4 Rf5 28. Qd4+ f6 29. Qb6 fxg5 30. Qxb7+ Rf7 31. Qxa6 Qxf3 32. Rc1 gxh4 33. Qxd6 h3 34. a4 Qf6 35. Qxf6+ Rxf6 36. Rh1 Rf3 37. a5 g5 38. a6 g4 39. b4 Rf4 40. b5 Rb4+ 41. Kc1 Rxb5 42. d6 Ra5 43. d7 Rxa6 44. d8=Q Ra1+ 45. Kb2 Rxh1 46. Qd7+ Kf6 47. Qc6+ Kg5 48. Qxh1 Kf4 49. Qf1+ Kg3 50. Qg1+ Kh4 51. Qf2+ g3 52. Qf4+ Kh5 53. Qxg3 h6 54. Qxh3+ 1-0


[Site "https://www.chess.com"]

[Event "Titled Tuesday Blitz December 13 Early 2022"]
[White "Morefield, Jason"]
[Black "Ezat, Mohamed"]
[WhiteFideId "30920825"]
[BlackFideId "10600906"]
[WhiteElo "2171"]
[BlackElo "2388"]
[Result "0-1"]
[Round "10"]
[TimeControl "180+1"]
[Date "2022.12.14"]
[WhiteClock "0:00:06"]
[BlackClock "0:00:07"]

1. e4 e5 2. Nf3 Nc6 3. Bb5 Nge7 4. O-O a6 5. Ba4 g6 6. c4 Bg7 7. Nc3 O-O 8. d3 d6 9. Nd5 Bg4 10. Bg5 f6 11. Be3 f5 12. Bg5 h6 13. Bxc6 hxg5 14. Bxb7 Rb8 15. Nxe7+ Qxe7 16. Bd5+ Kh7 17. Rb1 Qd7 18. Nxg5+ Kh6 19. f3 Kxg5 20. fxg4 fxg4 21. Qd2+ Kh5 22. c5 Bh6 23. Qe2 c6 24. Bc4 dxc5 25. Bxa6 Qd4+ 26. Kh1 Rxb2 27. Rxb2 Qxb2 28. Qd1 Rxf1+ 29. Qxf1 Qxa2 30. Bc4 Qd2 31. g3 Be3 32. h4 Bf2 33. Bf7 Qe3 34. Be8 Qxg3 35. Bxc6 Qxh4+ 36. Kg2 Qg3+ 37. Kh1 Kh4 38. Bd7 g5 39. Bf5 Qf3+ 40. Qg2 Qd1+ 41. Kh2 g3+ 42. Qxg3+ Bxg3+ 43. Kg2 Qe2+ 44. Kg1 Qf2+ 45. Kh1 Qh2# 0-1


[Site "https://www.chess.com"]

[Event "Titled Tuesday Blitz December 13 Early 2022"]
[White "Moroni, Luca Jr"]
[Black "Agasarov, Benik"]
[WhiteFideId "865834"]
[BlackFideId "13314823"]
[WhiteElo "2573"]
[BlackElo "2179"]
[Result "1-0"]
[Round "10"]
[TimeControl "180+1"]
[Date "2022.12.13"]
[WhiteClock "0:01:45"]
[BlackClock "0:00:03"]

1. d4 Nf6 2. Bf4 d5 3. e3 c5 4. dxc5 Nbd7 5. Bb5 Qa5+ 6. Nc3 e6 7. a3 Ne4 8. Ne2 a6 9. b4 Qd8 10. Ba4 Nxc3 11. Nxc3 Be7 12. O-O Bf6 13. Ne2 Bxa1 14. Qxa1 O-O 15. Bd6 Re8 16. Rd1 b5 17. Bb3 a5 18. e4 a4 19. Ba2 Bb7 20. Nd4 Nf6 21. e5 Ne4 22. Nxb5 Qh4 23. Qd4 Qh5 24. f3 Ng5 25. Nc7 Qg6 26. Kh1 Qxc2 27. Bb1 Qb3 28. Qd3 Qxd3 29. Bxd3 d4 30. b5 Nxf3 31. c6 Bxc6 32. bxc6 Ng5 33. h4 1-0


[Site "https://www.chess.com"]

[Event "Titled Tuesday Blitz December 13 Early 2022"]
[White "Movahed, Sina"]
[Black "Mendez Fortes, Eduardo Jesus"]
[WhiteFideId "42520835"]
[BlackFideId "3502376"]
[WhiteElo "2225"]
[BlackElo "2307"]
[Result "1-0"]
[Round "10"]
[TimeControl "180+1"]
[Date "2022.12.13"]
[WhiteClock "0:01:22"]
[BlackClock "0:00:31"]

1. e4 e5 2. Nf3 Nc6 3. Bb5 Nf6 4. O-O Nxe4 5. Re1 Nd6 6. Nxe5 Be7 7. Bd3 Nxe5 8. Rxe5 O-O 9. Nc3 Bf6 10. Re3 g6 11. Nd5 c6 12. Nxf6+ Qxf6 13. Rb1 Re8 14. b3 Rxe3 15. dxe3 Ne8 16. Bb2 Qe7 17. Qf3 d5 18. Qf4 f6 19. h4 Kg7 20. h5 Be6 21. h6+ Kf7 22. Re1 Nd6 23. c4 dxc4 24. bxc4 Rd8 25. g4 Ne8 26. Bb1 Qd6 27. Qe4 Qd2 28. Rf1 Qxb2 29. f4 Nd6 30. Qf3 Bxc4 31. Re1 Re8 32. g5 Qd2 33. Rd1 Qb4 34. f5 Bd5 35. fxg6+ hxg6 36. Qxf6+ Kg8 37. Qg7# 1-0


[Site "https://www.chess.com"]

[Event "Titled Tuesday Blitz December 13 Early 2022"]
[White "Nakamura, Hikaru"]
[Black "Bluebaum, Matthias"]
[WhiteFideId "2016192"]
[BlackFideId "24651516"]
[WhiteElo "2909"]
[BlackElo "2634"]
[Result "0-1"]
[Round "10"]
[TimeControl "180+1"]
[Date "2022.12.13"]
[WhiteClock "0:00:13"]
[BlackClock "0:00:16"]

1. Nf3 d5 2. g3 c5 3. Bg2 Nc6 4. O-O e5 5. c4 d4 6. e3 Nf6 7. Re1 Be7 8. exd4 exd4 9. Ne5 Nxe5 10. Rxe5 O-O 11. d3 Bd6 12. Re1 Bg4 13. Bf3 Qd7 14. Bg5 Qf5 15. Bf4 Bxf3 16. Qxf3 g5 17. h3 gxf4 18. g4 Qg6 19. Nd2 h5 20. g5 Qxg5+ 21. Kh1 Kh8 22. Qxb7 Rg8 23. Qf3 Qh4 24. b4 Ng4 25. Re2 Ne5 26. Rxe5 Bxe5 27. bxc5 Rab8 28. Re1 Bf6 29. c6 Rbe8 30. Ne4 Bd8 31. Rb1 Rg6 32. Rb5 Kg7 33. Rxh5 Qe7 34. Qxf4 Rh8 35. Rxh8 Kxh8 36. Ng3 Bc7 37. Qxd4+ Kg8 38. Ne4 Qe6 39. Qe3 Qxc6 40. Qf3 Qe6 41. h4 f5 42. Ng5 Qe5 43. Kg2 Rb6 44. Qh5 Qh2+ 45. Kf3 Qf4+ 46. Kg2 Qg4+ 47. Qxg4 fxg4 48. d4 Ra6 49. c5 Rxa2 50. Ne6 Bb8 51. c6 Rc2 52. d5 a5 53. Nd4 Rc4 54. Nb5 a4 55. h5 Rc5 56. d6 Bxd6 57. Nxd6 Rxc6 58. Ne4 a3 0-1


[Site "https://www.chess.com"]

[Event "Titled Tuesday Blitz December 13 Early 2022"]
[White "Namitbir Singh Walia"]
[Black "Odegov, Artem"]
[WhiteFideId "35071068"]
[BlackFideId "34183644"]
[WhiteElo "2239"]
[BlackElo "2300"]
[Result "0-1"]
[Round "10"]
[TimeControl "180+1"]
[Date "2022.12.14"]
[WhiteClock "0:00:15"]
[BlackClock "0:00:25"]

1. e4 e6 2. d4 d5 3. Nd2 Nf6 4. e5 Nfd7 5. Bd3 c5 6. c3 Nc6 7. Ne2 cxd4 8. cxd4 f6 9. exf6 Nxf6 10. Nf3 Bd6 11. O-O Qc7 12. h3 O-O 13. Be3 e5 14. dxe5 Nxe5 15. Nxe5 Bxe5 16. Rc1 Qf7 17. Bd4 Bxd4 18. Nxd4 Ne4 19. Qc2 Qg6 20. Qb3 Rd8 21. Rfe1 Kh8 22. Nb5 Bf5 23. Nc7 Rac8 24. Nxd5 Rxc1 25. Rxc1 Nxf2 26. Bxf5 Qxf5 27. Ne3 Qa5 28. Rf1 Ne4 29. Qe6 Nf6 30. Rxf6 gxf6 31. Qxf6+ Kg8 32. Nf5 Qb6+ 33. Qxb6 axb6 0-1


[Site "https://www.chess.com"]

[Event "Titled Tuesday Blitz December 13 Early 2022"]
[White "Omariev, Maksim"]
[Black "Ciuffoletti, Paolo"]
[WhiteFideId "4193423"]
[BlackFideId "807630"]
[WhiteElo "2419"]
[BlackElo "2143"]
[Result "1-0"]
[Round "10"]
[TimeControl "180+1"]
[Date "2022.12.14"]
[WhiteClock "0:00:04"]
[BlackClock "0:00:18"]

1. g4 d5 2. Bg2 c6 3. g5 h6 4. d4 hxg5 5. Bxg5 Qb6 6. b3 Bf5 7. Nf3 Nd7 8. c4 e6 9. Bf4 Bb4+ 10. Nbd2 Bc3 11. c5 Qa5 12. a3 Bxa1 13. Qxa1 Ngf6 14. O-O Nh5 15. Bd6 Ndf6 16. Re1 Ne4 17. b4 Qd8 18. Nxe4 dxe4 19. Nd2 Qh4 20. e3 Bh3 21. Bxe4 Nf6 22. Bf3 Bg4 23. Qd1 Qxh2+ 24. Bxh2 Bf5 25. Bg2 Ng4 26. Bg3 O-O-O 27. e4 Rxd4 28. exf5 Rhd8 29. Qe2 Nf6 30. Nf3 Rd3 31. Qe5 Ne8 32. fxe6 fxe6 33. Qb8+ Kd7 34. Qxb7+ 1-0


[Site "https://www.chess.com"]

[Event "Titled Tuesday Blitz December 13 Early 2022"]
[White "Osiecki, Stanislaw"]
[Black "Herman, Daniel"]
[WhiteFideId "1102990"]
[BlackFideId "30935008"]
[WhiteElo "2088"]
[BlackElo "1897"]
[Result "0-1"]
[Round "10"]
[TimeControl "180+1"]
[Date "2022.12.14"]
[WhiteClock "0:00:18"]
[BlackClock "0:00:21"]

1. e4 e6 2. d4 c5 3. c3 d5 4. e5 Nc6 5. Nf3 Qb6 6. Bd3 Bd7 7. dxc5 Bxc5 8. O-O a5 9. Nbd2 a4 10. b4 axb3 11. Nxb3 Nge7 12. Nxc5 Qxc5 13. Qe1 O-O 14. a4 Rfc8 15. Ba3 Qa5 16. Bd6 Nf5 17. Qb1 Nxd6 18. Bxh7+ Kh8 19. exd6 f5 20. Bg6 Qxc3 21. h4 Qf6 22. h5 e5 23. Qxb7 Ra7 24. Qb3 Qxd6 25. Ng5 Be6 26. Bf7 Bxf7 27. Nxf7+ Rxf7 28. Rfd1 Nd4 29. Qh3 Ra8 30. a5 Rfa7 31. Ra3 Rxa5 32. Re3 Ra3 33. Rxa3 Rxa3 34. Qh4 Qf6 35. Qh2 Qg5 36. Kh1 f4 37. Rb1 Ra2 38. Rb8+ Kh7 39. Qg1 Qh4+ 40. Qh2 Ra1+ 0-1


[Site "https://www.chess.com"]

[Event "Titled Tuesday Blitz December 13 Early 2022"]
[White "Osinovsky, Stepan"]
[Black "Qashashvili, Alexandre"]
[WhiteFideId "4157354"]
[BlackFideId "13600842"]
[WhiteElo "2222"]
[BlackElo "2405"]
[Result "0-1"]
[Round "10"]
[TimeControl "180+1"]
[Date "2022.12.14"]
[WhiteClock "0:00:08"]
[BlackClock "0:00:12"]

1. Nf3 c6 2. g3 d5 3. Bg2 Nf6 4. O-O Bf5 5. d3 Qc8 6. Nbd2 Bh3 7. e4 dxe4 8. Nxe4 Nxe4 9. dxe4 Bxg2 10. Kxg2 e6 11. a4 Nd7 12. b3 Be7 13. Bb2 Bf6 14. e5 Be7 15. Qe2 O-O 16. h4 h6 17. Nd2 Rd8 18. Ne4 Nf8 19. Qh5 Qc7 20. Nf6+ Bxf6 21. exf6 Rd5 22. Qe2 gxf6 23. Bxf6 Ng6 24. c4 Rf5 25. Bc3 h5 26. Rad1 b5 27. Rd3 bxa4 28. bxa4 Qe7 29. Rfd1 Qc5 30. Ba1 Ne5 31. Rd8+ Rxd8 32. Rxd8+ Kh7 33. Qd2 Qxc4 34. Ra8 Qe4+ 35. Kh2 Nf3+ 36. Kh3 e5 37. Qd8 Ng5+ 38. hxg5 Qh1# 0-1


[Site "https://www.chess.com"]

[Event "Titled Tuesday Blitz December 13 Early 2022"]
[White "Ozen, Bahadir"]
[Black "Csonka, Balazs"]
[WhiteFideId "6337058"]
[BlackFideId "742910"]
[WhiteElo "2503"]
[BlackElo "2404"]
[Result "1-0"]
[Round "10"]
[TimeControl "180+1"]
[Date "2022.12.13"]
[WhiteClock "0:01:05"]
[BlackClock "0:00:15"]

1. g3 e5 2. Bg2 Nf6 3. d3 d5 4. Nf3 Bd6 5. O-O O-O 6. Nbd2 Re8 7. e4 Nc6 8. c3 a5 9. Re1 a4 10. Rb1 h6 11. b4 axb3 12. axb3 d4 13. cxd4 Nxd4 14. Nxd4 exd4 15. Nc4 Bb4 16. Bd2 Bxd2 17. Qxd2 Be6 18. Rec1 c6 19. b4 Ng4 20. Na5 Qb6 21. h3 Nf6 22. f4 Qb5 23. Rc5 Qa4 24. Rcc1 Rec8 25. f5 b6 26. fxe6 bxa5 27. exf7+ Kxf7 28. e5 Nd7 29. e6+ Kxe6 30. b5 cxb5 31. Re1+ Kf7 32. Bd5+ Kf8 33. Qf4+ 1-0


[Site "https://www.chess.com"]

[Event "Titled Tuesday Blitz December 13 Early 2022"]
[White "Pajeken, Jakob Leon"]
[Black "Yuan, Qingyu"]
[WhiteFideId "12942839"]
[BlackFideId "8609772"]
[WhiteElo "2617"]
[BlackElo "2764"]
[Result "0-1"]
[Round "10"]
[TimeControl "180+1"]
[Date "2022.12.14"]
[WhiteClock "0:00:53"]
[BlackClock "0:00:11"]

1. e4 e5 2. Nf3 Nc6 3. Bc4 Bc5 4. c3 Nf6 5. d4 exd4 6. e5 d5 7. Bb5 Ne4 8. cxd4 Bb6 9. Nc3 O-O 10. Be3 Bg4 11. h3 Bh5 12. Qc2 Ba5 13. O-O-O Nb4 14. Qa4 c6 15. Bd3 Nxc3 16. bxc3 Nxd3+ 17. Rxd3 Bg6 18. Kd2 Qb6 19. Nh4 Be4 20. Rc1 Qa6 21. Qc2 Rac8 22. f3 Bxd3 23. Qxd3 Qxd3+ 24. Kxd3 g6 25. f4 Bd8 26. Nf3 b6 27. g4 c5 28. f5 Re8 29. dxc5 bxc5 30. c4 d4 31. Bf4 Bc7 32. Ke4 Bxe5 33. Bxe5 f6 34. Re1 fxe5 35. f6 Kf7 36. g5 Rb8 37. Kd5 Rbd8+ 38. Kxc5 e4 39. Nxd4 Re5+ 0-1


[Site "https://www.chess.com"]